 Dungeon Crawl Stone Soup version 0.31-a0-325-g067879e3d3 (webtiles) character file.

Game seed: 4929172302053055246

2200 cforsyth the Changeling (level 9, -2/61 HPs)
             Began as a Vampire Shapeshifter on July 18, 2023.
             Was a Follower of Hepliaklqana.
             Slain by a yak (14 damage)
             ... on level 7 of the Dungeon.
             The game lasted 00:12:02 (5973 turns).

cforsyth the Changeling (Vampire Shapeshifter)      Turns: 5973, Time: 00:12:02

Health: -2/61      AC:  8    Str: 18    XL:     9   Next: 12%
Magic:  9/9        EV:  9    Int: 11    God:    Hepliaklqana [*.....]
Gold:   72         SH:  0    Dex: 14    Spells: 8/8 levels left

rFire   . .          .
                       - Unarmed
rCold   . . .        (no shield)
rNeg    . . .        s - +0 chain mail
rPois   .            (helmet currently unavailable)
rElec   .            (cloak currently unavailable)
rCorr   .            (gloves currently unavailable)
SInv    +            (boots currently unavailable)
Will    .....        (no amulet) Stlth
                     (no ring)
HPRegen 0.50/turn    (no ring)
MPRegen 0.11/turn

%: no passive effects
@: beast-form, healing quickly
A: beast (slay +5), reduced essence, alive, fangs 3, see invisible, vampiric 2
a: Exsanguinate, Begin Untransformation, Renounce Religion, Recall Ancestor,
Ancestor Identity


You were on level 7 of the Dungeon.
You worshipped Hepliaklqana.
Hepliaklqana was aware of your devotion.
You were a hulking beast.
You visited 2 branches of the dungeon, and saw 8 of its levels.

You collected 343 gold pieces.
You spent 271 gold pieces at shops.

Inventory:

Armour
 a - a +0 animal skin
 s - a +0 chain mail (worn)
 t - a +0 pair of gloves
 u - +0 acid dragon scales
Jewellery
 g - an amulet of faith
Talismans
 c - a beast talisman
 y - a granite talisman
Wands
 j - a wand of charming (9)
 v - a wand of polymorph (11)
Scrolls
 b - 4 scrolls of fog
 d - 2 scrolls of revelation
 e - 2 scrolls of immolation
 h - 2 scrolls of identify
 i - 2 scrolls of teleportation
 k - a scroll of silence
 l - 2 scrolls of fear
 n - 4 scrolls of blinking
 p - a scroll of enchant weapon
 q - a scroll of vulnerability
 x - a scroll of enchant armour
Potions
 f - 2 potions of brilliance
 m - 2 potions of might
 o - a potion of cancellation
 r - a potion of heal wounds
 w - a potion of curing


   Skills:
 - Level 5.5 Fighting
 - Level 5.3 Dodging
 - Level 6.7 Unarmed Combat
 + Level 7.8 Shapeshifting


You had 8 spell levels left.
You didn't know any spells.
Your spell library contained the following spells:

 Spells                   Type           Power      Damage    Failure   Level
 Inner Flame              Hex/Fire       0%         N/A       100%        3
 Ozocubu's Armour         Ice            0%         N/A       100%        3
 Flame Wave               Conj/Fire      0%         2d4       100%        4
 Sticky Flame             Conj/Fire      0%         2d3       100%        4
 Metabolic Englaciation   Hex/Ice        0%         N/A       100%        5
 Simulacrum               Ice/Necr       0%         N/A       100%        6


Dungeon Overview and Level Annotations

Branches:
Dungeon (7/15)             Temple (1/1) D:4

Altars:
Ashenzari
Cheibriados
Dithmenos
Fedhas
Gozag
Hepliaklqana
Kikubaaqudgha
Makhleb
Nemelex Xobeh
Okawaru
Qazlal
Ru
Sif Muna
Trog
Uskayaw
Vehumet
Wu Jian
Xom
Yredelemnul

Shops:
D:4 ?   D:5 !:


Innate Abilities, Weirdness & Mutations

You are a hulking beast.
Your limbs bulge with bestial killing power. (Slay +5)
Your life essence is reduced to manifest your ancestor. (-10% HP)
Your natural rate of healing is accelerated.
You have razor-sharp teeth.
You have supernaturally acute eyesight. (SInv)
You are afflicted with vampirism and can become a bat while bloodless.


Message History

Plamen hits the yak.
The yak gores you. The yak gores you! The yak gores you.
You punch the yak! You bite the yak!
The yak is severely wounded.
Plamen barely misses the yak.
The yak closely misses you. x2
You swap places.
Plamen barely misses the yak.
The yak gores Plamen but does no damage.
The yak gores you. The yak attacks as you move away! The yak gores you.
Plamen closely misses the yak.
The yak gores Plamen! x2
Plamen is destroyed!
The yak attacks as you move away! The yak gores you.
The yak attacks as you move away! The yak barely misses you.
The yak attacks as you move away! The yak gores you but does no damage.
The yak attacks as you move away! The yak gores you!
The yak attacks as you move away! The yak gores you.
The yak attacks as you move away! The yak barely misses you.
The yak attacks as you move away! The yak gores you.
The yak attacks as you move away! The yak gores you.
The yak attacks as you move away! The yak gores you but does no damage.
The yak attacks as you move away! The yak gores you!
Attack: -) Nothing wielded
Press: ? - help, Dir - move target, f - yak
Aim: a yak (severely wounded, about 20% to evade your hands)
Okay, then.
Unknown command.
Okay, then.
The yak attacks as you move away! The yak barely misses you.
The yak attacks as you move away! The yak gores you.
Plamen emerges from the mists of memory!
The yak gores Plamen but does no damage.
Plamen barely misses the yak.
Plamen hits the yak!
The yak gores Plamen!
Plamen barely misses the yak.
The yak closely misses Plamen.
Plamen hits the yak.
The yak closely misses Plamen.
The yak gores you. The yak attacks as you move away! The yak gores you!
* * * LOW HITPOINT WARNING * * *
The yak attacks as you move away! The yak gores you!
You die...

## ### .# #.#
.##############.#
.YY.....Y.R...R.#
.##############.#
.##############.#
...YY.........#.#
#############.#.######
...........#...Yh....#
##########.##.##.###.#
#.##.##.# #.#
#.##.##.# #.#
#.##.##.# #.#
#.##.##.# #.#
#.##.##.# #.#
#.##.##.# #.#
#.##.##.# #.#


You could see the friendly Plamen the ancestor and a yak.

Vanquished Creatures
  Maggie (D:6)
  Grinder (D:3)
  A steam dragon (D:7)
  Eustachio (D:6)
  Menkaure (D:6)
  2 water moccasins
  2 sky beasts
  An ogre (D:6)
  A phantom (D:5)
  A scorpion (D:6)
  3 wights
  An orc priest (D:6)
  4 hounds (D:5)
  A jelly (D:5)
  3 iguanas
  Terence (D:3)
  An orc wizard (D:4)
  4 gnolls
  7 adders
  An ufetubus (D:5)
  A worm (D:2)
  4 dart slugs
  13 orcs
  7 endoplasms
  3 giant cockroaches
  6 goblins
  5 hobgoblins
  10 jackals
  11 kobolds
  3 quokkas
  6 ball pythons
  6 bats
  2 frilled lizards (D:3)
  3 rats
118 creatures vanquished.

Vanquished Creatures (collateral kills)
  An orc priest (D:6)
  An orc wizard (D:7)
  A dart slug (D:6)
  2 orcs
5 creatures vanquished.

Vanquished Creatures (others)
  An ancestor (D:7)
1 creature vanquished.

Grand Total: 124 creatures vanquished

Notes
Turn   | Place    | Note
-------+----------+-------------------------------------------
     0 | D:1      | cforsyth the Vampire Shapeshifter began the quest for the
                  | Orb.
     0 | D:1      | Reached XP level 1. HP: 16/16 MP: 1/1
     0 | D:1      | Upgraded the game from 0.31-a0-321-g19405a7a6a to
                  | 0.31-a0-325-g067879e3d3
   122 | D:1      | Reached XP level 2. HP: 19/22 MP: 2/2
   598 | D:1      | Gained mutation: You are afflicted with vampirism and can
                  | become a bat while bloodless. [Vampire growth]
   598 | D:1      | Reached XP level 3. HP: 27/27 MP: 3/3
  1380 | D:2      | Reached XP level 4. HP: 21/34 MP: 4/4
  1618 | D:3      | Noticed Grinder
  1630 | D:3      | Paralysed by Grinder for 5 turns
  1682 | D:3      | Noticed a sky beast
  1827 | D:3      | Paralysed by Grinder for 5 turns
  2004 | D:3      | Noticed Terence
  2027 | D:3      | Paralysed by Grinder for 2 turns
  2156 | D:3      | Killed Terence
  2157 | D:3      | Reached skill level 4 in Shapeshifting
  2157 | D:3      | Reached XP level 5. HP: 17/40 MP: 5/5
  2159 | D:3      | Paralysed by Grinder for 3 turns
  2168 | D:3      | Killed a sky beast
  2168 | D:3      | Paralysed by Grinder for 3 turns
  2190 | D:3      | Killed Grinder
  2191 | D:3      | Reached XP level 6. HP: 33/47 MP: 6/6
  2655 | D:4      | Found a sacrificial altar of Ru.
  2825 | D:4      | Found a staircase to the Ecumenical Temple.
  2964 | Temple   | Entered the Ecumenical Temple
  3028 | Temple   | Became a worshipper of Hepliaklqana the Forgotten
  3079 | D:4      | Found Fejuag's Magic Scroll Shop.
  3082 | D:4      | Bought a scroll of blinking for 105 gold pieces
  3082 | D:4      | Bought a scroll of identify for 28 gold pieces
  3082 | D:4      | Bought a scroll of revelation for 105 gold pieces
  3123 | D:4      | Reached XP level 7. HP: 53/53 MP: 7/7
  3126 | D:4      | Found a shadowy altar of Dithmenos.
  3176 | D:4      | Found a sparkling altar of Nemelex Xobeh.
  3521 | D:5      | Entered Level 5 of the Dungeon
  3521 | D:5      | Found Suficzy's Distillery.
  3524 | D:5      | Bought a potion of lignification for 33 gold pieces
  3564 | D:5      | Reached skill level 5 in Dodging
  3564 | D:5      | Reached skill level 5 in Unarmed Combat
  3636 | D:5      | Found an iron altar of Okawaru.
  3645 | D:5      | Reached skill level 5 in Shapeshifting
  3924 | D:5      | Found Usedaec's Book Boutique.
  4502 | D:5      | Reached XP level 8. HP: 53/61 MP: 8/8
  4659 | D:6      | Identified the +7 short sword of Purpose {flame, rN+}
  4673 | D:6      | Noticed Maggie
  4684 | D:6      | Killed Maggie
  4685 | D:6      | Reached skill level 5 in Fighting
  4838 | D:6      | Noticed Eustachio
  4851 | D:6      | Killed Eustachio
  4852 | D:6      | Reached skill level 6 in Shapeshifting
  4876 | D:6      | Reached * piety under Hepliaklqana
  4983 | D:6      | Found an ancient bone altar of Kikubaaqudgha.
  5013 | D:6      | Found a snail-covered altar of Cheibriados.
  5037 | D:6      | Noticed Menkaure
  5046 | D:6      | Killed Menkaure
  5449 | D:7      | Reached skill level 7 in Shapeshifting
  5524 | D:7      | Reached XP level 9. HP: 32/59 MP: 9/9
  5973 | D:7      | Slain by a yak

Illustrated notes

Levels and vault maps discovered:
D:1:      dpeg_arrival_rooms_b, layout_loops_ring, serial_bayou_pond_b,
          nicolae_concentric_dashed_squares_wild, kennysheep_minor_cross
D:2:      layout_basic, serial_curves, eino_curves_04, eino_curves_03,
          hangedman_glass_teeth
D:3:      layout_loops_ring, minmay_crystal_room, uniq_grinder, uniq_terence
D:4:      nicolae_BIG_FREAKIN_CUBE, layout_loops_ring,
          mainiacjoe_overflow_surrounded_room, nicolae_ru_awakened_eye,
          grunt_dithmenos_smoke_and_mirrors, minmay_temple_entry_stoned_glass,
          serial_shops, kennysheep_mini_moat
D:5:      layout_loops_ring, okawaru_metal_pillars_1_2, serial_shops, shop,
          nicolae_shop_temple_entry_statues_fountains, serial_demonic,
          serial_demonic_g, serial_demonic_f, serial_demonic_g,
          serial_demonic_g, lemuel_flamethrower_2
D:6:      layout_basic, mainiacjoe_overflow_24_doors, kennysheep_slug_shrine,
          kiku_gazebo_garden_becter, uniq_eustachio, uniq_menkaure, uniq_maggie
D:7:      layout_basic
Temple:   eino_temple_water

Skill      XL: |  1  2  3  4  5  6  7  8 |
---------------+-------------------------+-----
Fighting       | 2 3 4 5 |  5.5
Unarmed Combat | 3 4 5 6 |  6.7
Dodging        | 3 4 5 |  5.3
Shapeshifting  | 4 5 7 |  7.8

Action                     |  1- 3 |  4- 6 |  7- 9 || total
---------------------------+-------+-------+-------++-------
  Melee: Unarmed           |   117 |   111 |   176 ||   404
         Bite              |    10 |     7 |    20 ||    37
         Punch             |     1 |     1 |     9 ||    11
    Use: Potion            |       |     7 |     2 ||     9
         Scroll            |       |     6 |     3 ||     9
   Stab: Sleeping          |     1 |     5 |     1 ||     7
 Armour: Animal skin       |    15 |     8 |     7 ||    30
         Skin              |       |    17 |     3 ||    20
         Chain mail        |       |       |    35 ||    35
  Dodge: Dodged            |    71 |    44 |   102 ||   217

Table legend: (Time is in decaauts)
 A = Elapsed time spent in this place.
 B = Non-inter-level travel time spent in this place.
 C = Inter-level travel time spent in this place.
 D = Time resting spent in this place.
 E = Time spent auto-exploring this place.
 F = Levels seen in this place.
 G = Mean time per level.
                   A        B        C        D        E       F      G
               +--------+--------+--------+--------+--------+-----+--------+
         Total |   5954 |   5600 |    354 |     52 |   4285 |   8 |  744.2 |
       Dungeon |   5875 |   5536 |    339 |     52 |   4285 |   7 |  839.3 |
        Temple |     78 |     64 |     14 |      0 |      0 |   1 |   78.0 |
               +--------+--------+--------+--------+--------+-----+--------+

Top non-repeatable levels by time:
     D:2: 1014 daAuts
     D:6: 928 daAuts
     D:4: 927 daAuts
     D:3: 892 daAuts
     D:5: 862 daAuts
     D:1: 723 daAuts
     D:7: 527 daAuts
  Temple: 78 daAuts
